 Dungeon Crawl Stone Soup version 0.30.1-11-g7821555f0a (webtiles) character file.

Game seed: 9112641343931412208

18 Alkoric the Digger (level 2, -1/19 HPs)
             Began as a Vampire Earth Elementalist on Dec 20, 2023.
             Succumbed to an adder's poison
             ... on level 2 of the Dungeon.
             The game lasted 00:05:02 (657 turns).

Alkoric the Digger (Vampire Earth Elementalist)      Turns: 657, Time: 00:05:03

Health: -1/19      AC:  2    Str:  7    XL:     2   Next: 48%
Magic:  4/5        EV: 12    Int: 17    God:
Gold:   16         SH:  0    Dex: 14    Spells: 4/5 levels left

rFire   . . .        g - +0 hand axe
rCold   . . .        (no shield)
rNeg    . . .        a - +0 robe
rPois   .            (no helmet)
rElec   .            (no cloak)
rCorr   .            (no gloves)
SInv    +            (no boots)
Will    .....        (no amulet)
Stlth   ++           (no ring)
HPRegen 0.43/turn    (no ring)
MPRegen 0.09/turn

%: no passive effects
@: lethally poisoned (-1 -> -2), very slightly contaminated, healing quickly
A: alive, fangs 3, see invisible, vampiric 1
a: Exsanguinate


You were on level 2 of the Dungeon.
You visited 1 branch of the dungeon, and saw 2 of its levels.

You collected 16 gold pieces.

Inventory:

Hand Weapons
 g - a +0 hand axe (weapon)
Armour
 a - a +0 robe (worn)
 h - a +0 leather armour
Scrolls
 c - a scroll of enchant armour {unknown}
 e - a scroll of fear {unknown}
 f - 2 scrolls of teleportation {unknown}
 i - a scroll of identify {unknown}
 k - a scroll of blinking {unknown}
Potions
 d - a potion of haste {unknown}
 j - a potion of mutation {unknown}


   Skills:
 + Level 2.5 Dodging
 - Level 3.0 Stealth
 + Level 2.2 Spellcasting
 + Level 1.1 Transmutations
 + Level 3.5 Earth Magic


You had 4 spell levels left.
You knew the following spells:

 Your Spells              Type           Power      Damage    Failure   Level
a - Sandblast             Erth           26%        2d8       4%          1

Your spell library contained the following spells:

 Spells                   Type           Power      Damage    Failure   Level
 Passwall                 Tmut/Erth      7%         N/A       11%         2
 Stone Arrow              Conj/Erth      14%        3d7       28%         3
 Petrify                  Tmut/Erth      9%         N/A       58%         4


Dungeon Overview and Level Annotations

Branches:
Dungeon (2/15)

Altars:


Innate Abilities, Weirdness & Mutations

Your natural rate of healing is accelerated.
You have razor-sharp teeth.
You have supernaturally acute eyesight. (SInv)
You are afflicted with vampirism.


Message History

You are no longer poisoned.
The adder bites you. The adder misses you.
You are too injured to fight recklessly!
You are too injured to fight recklessly!
You hit the adder.
The adder is severely wounded.
The adder bites you. The adder barely misses you.
You miss the adder.
The adder is severely wounded.
The adder bites you but does no damage. The adder closely misses you.
You miss the adder.
The adder is severely wounded.
The adder closely misses you.
You closely miss the adder.
The adder is severely wounded.
The adder bites you but does no damage. The adder bites you.
* * * LOW HITPOINT WARNING * * *
You are poisoned.
The adder poisons you!
Your magical contamination has completely faded away.
You are too injured to fight recklessly!
You are too injured to fight recklessly!
Magic courses through your body.
* * * LOW HITPOINT WARNING * * *
You feel sick. The adder bites you.
* * * LOW HITPOINT WARNING * * *
You are too injured to fight recklessly!
Casting: Sandblast (safe; 4% risk of failure)
Confirm with . or Enter, or press ? or * to list all spells.
Aiming: Sandblast (safe; 4% risk of failure)
Press: ? - help, Shift-Dir - straight line, f - kobold, p - adder
Aim: a kobold, wielding a +0 club (77% to hit)
You miscast Sandblast.
You are very lightly contaminated with residual magic.
Nothing appears to happen.
* * * LOW HITPOINT WARNING * * *
You feel sick. The adder closely misses you.
You closely miss the adder. Your bite misses the adder.
The adder is severely wounded.
You die...

####### #.....#
# #.....#
##.#.#.....####
#...KS@....'..#
####.#.....##.#
#### #
#.....##.#......
#.....##.#......
#.....##.#......
########.#..#...
####'.....#.
#......#....
#.........#.


You could see an adder and a kobold.

Vanquished Creatures
  2 dart slugs (D:1)
  2 bats (D:1)
  2 hobgoblins (D:1)
  2 kobolds (D:1)
  A ball python (D:1)
  A frilled lizard (D:2)
  A goblin (D:2)
  3 rats (D:1)
14 creatures vanquished.

Notes
Turn   | Place    | Note
-------+----------+-------------------------------------------
     0 | D:1      | Alkoric the Vampire Earth Elementalist began the quest for
                  | the Orb.
     0 | D:1      | Reached XP level 1. HP: 13/13 MP: 3/3
   474 | D:1      | Reached XP level 2. HP: 18/19 MP: 1/5
   657 | D:2      | Succumbed to an adder's poison

Illustrated notes

Levels and vault maps discovered:
D:1:      scummos_arrival_simple_fountains, layout_rooms,
          hangedman_decor_growths
D:2:      layout_basic, nicolae_kite_square_tiling_tiny, feat_on_display

Action                     || total
---------------------------++-------
  Melee: Unarmed           ||    25
         Bite              ||     5
         Hand axe          ||    17
   Cast: Sandblast         ||    17
    Use: Potion            ||     1
 Armour: Robe              ||    12
  Dodge: Dodged            ||    29
